 Dungeon Crawl Stone Soup version 0.24.0-13-gcf9b319 (webtiles) character file.

Game seed: 9908222474690872177, levelgen mode: deterministic

63 prawnwizard the Cudgeler (level 3, -5/36 HPs)
             Began as a Troll Fighter on Mar 4, 2020.
             Slain by a gnoll
             ... wielding a +0 flail
              (11 damage)
             ... on level 1 of the Dungeon.
             The game lasted 00:01:37 (700 turns).

prawnwizard the Cudgeler (Troll Fighter)             Turns: 700, Time: 00:01:37

Health: -5/36      AC:  6    Str: 25    XL:     3   Next: 87%
Magic:  2/2        EV:  8    Int:  4    God:
Gold:   44         SH:  8    Dex:  9    Spells: 2/2 levels left

rFire    . . .     SeeInvis .   a - +0 flail
rCold    . . .     Gourm    +   c - +0 shield
rNeg     . . .     Faith    .   b - +0 robe
rPois    .         Spirit   .   (helmet restricted)
rElec    .         Reflect  .   (no cloak)
rCorr    .         Harm     .   (gloves unavailable)
MR       .....                  (boots unavailable)
Stlth    +.........             (no amulet)
HPRegen  0.52/turn              (no ring)
MPRegen  0.08/turn              (no ring)

@: no status effects
A: large, unfitting armour, claws 3, fast metabolism 3, gourmand, regeneration
1, shaggy fur 1, tough skin 3
a: no special abilities


You were on level 1 of the Dungeon.
You were completely stuffed.

You visited 1 branch of the dungeon, and saw 2 of its levels.

You collected 44 gold pieces.

Inventory:

Hand Weapons
 a - a +0 flail (weapon)
Armour
 b - a +0 robe (worn)
 c - a +0 shield (worn)
 e - a +1 helmet
Scrolls
 h - 2 scrolls of identify {unknown}
 i - a scroll of remove curse {unknown}
 j - a scroll of fog {unknown}
 k - a scroll of blinking {unknown}
Potions
 d - a potion of might
 l - 2 potions of heal wounds {unknown}
 m - a potion of haste {unknown}
Comestibles
 f - 6 rations
 g - 8 chunks of flesh


   Skills:
 + Level 2.8 Fighting
 * Level 3.1 Maces & Flails
 + Level 2.8 Dodging
 - Level 2.4 Shields


You had 2 spell levels left.
You didn't know any spells.
Your spell library was empty.

Dungeon Overview and Level Annotations

Branches:
Dungeon (2/15)

Altars:


Innate Abilities, Weirdness & Mutations

You are too large for most types of armour.
You have claws for hands.
Your metabolism is lightning-fast.
You like to eat raw meat.
Your natural rate of healing is unusually fast.
You are covered in fur. (AC +1)
You have extremely tough skin. (AC +3)


Message History

You are too injured to fight recklessly!
You are too injured to fight recklessly!
You are too injured to fight recklessly!
You are too injured to fight recklessly!
Unknown command.
You block the gnoll's attack. x2; The gnoll hits you.
You climb upwards.
There is a stone staircase leading down, spattered with blood here.
You hit the gnoll.
The gnoll is heavily wounded.
You block the gnoll's attack. The gnoll barely misses you.
You sock the gnoll!
You kill the gnoll!
The gnoll hits you with a +0 flail.
You closely miss the gnoll. The gnoll hits you with a +0 flail!
* * * LOW HITPOINT WARNING * * *
You sock the gnoll!
The gnoll is severely wounded.
The gnoll hits you with a +0 flail!
You die...

#.# ##.######..# #.#
#.....##.## #.# #.....#...#
##(# ###.........# ##..#
#.......#...#
##..#####.#.÷.......#
..........#.###.....##
...##................#
...#........#..#@....#
.....#.........÷g....#
..........##..###....####
...##.....##..# #.......####
...#####......#######......#
...# #.###.##.....#......#
########.###........##.....#
####................########
.^...##########.....#


You could see a gnoll.

Vanquished Creatures
  A gnoll (D:1)
  2 adders
  A worm (D:2)
  2 leopard geckos (D:1)
  5 giant cockroaches (D:1)
  4 goblins
  3 hobgoblins
  3 kobolds (D:1)
  5 bats (D:1)
  4 frilled lizards (D:1)
  2 rats (D:1)
32 creatures vanquished.

Notes
Turn   | Place    | Note
-------+----------+-------------------------------------------
     0 | D:1      | prawnwizard the Troll Fighter began the quest for the Orb.
     0 | D:1      | Reached XP level 1. HP: 22/22 MP: 0/0
   103 | D:1      | Reached skill level 2 in Maces & Flails
   110 | D:1      | Reached XP level 2. HP: 27/29 MP: 1/1
   534 | D:1      | Reached XP level 3. HP: 36/36 MP: 2/2
   667 | D:1      | Reached skill level 3 in Maces & Flails
   700 | D:1      | Slain by a gnoll

Levels and vault maps discovered:
D:1:      tarquinn_simple_flora_water_d, layout_rooms, hangedman_decor_points
D:2:      layout_basic, lemuel_round_altar, corner_web_ring

Skill      XL: |  1  2  3 |
---------------+----------+-----
Maces & Flails | 2 3 |  3.1
Fighting       | |  2.8
Dodging        | |  2.8
Shields        | |  2.4

Action                   || total
-------------------------++-------
Melee: Flail             ||   152
  Eat: Chunk             ||    13
Armor: Robe              ||    62
Dodge: Dodged            ||    70
Block: Shield            ||    94
